 Dungeon Crawl Stone Soup version 0.29.1-4-g47bece8355 (webtiles) character file.

Game seed: 14648652290106650535

3194 fishmans the Basher (level 9, -7/51 HPs)
             Began as a Gargoyle Fighter on Dec 7, 2022.
             Was an Initiate of Gozag.
             Shot with an arrow by a centaur warrior (12 damage)
             ... on level 7 of the Dungeon on Dec 8, 2022.
             The game lasted 00:35:46 (9275 turns).

fishmans the Basher (Gargoyle Fighter)              Turns: 9275, Time: 00:35:46

Health: -7/51      AC: 20    Str: 24    XL:     9   Next: 96%
Magic:  9/9        EV:  7    Int:  9    God:    Gozag
Gold:   2          SH:  4    Dex:  9    Spells: 6/8 levels left

rFire   + . .      SeeInvis .   g - +2 flail (vorpal)
rCold   + . .      Faith    .   c - +0 buckler
rNeg    + . .      Spirit   .   l - +0 chain mail
rPois   ∞          Reflect  .   u - +0 helmet
rElec   +          Harm     .   (no cloak)
rCorr   +          Rampage  .   (no gloves)
Will    .....                   (no boots)
Stlth   ..........              (no amulet)
HPRegen 0.17/turn               t - ring of resist corrosion
MPRegen 0.11/turn               d - +4 ring of protection

@: mighty, resistant, gold aura, hasted, very quick
A: sickness immunity, AC +6, negative energy resistance 1, electricity
resistance, torment resistance 1, petrification resistance
a: Renounce Religion, Potion Petition, Call Merchant, Bribe Branch


You were on level 7 of the Dungeon.
You worshipped Gozag.
Gozag was noncommittal.
You visited 2 branches of the dungeon, and saw 9 of its levels.

You collected 1118 gold pieces.
You spent 58 gold pieces at shops.
You paid 1058 gold pieces to Gozag.

Inventory:

Hand Weapons
 a - a +0 flail
 g - a +2 vorpal flail (weapon)
 x - a +2 dire flail
Missiles
 p - 5 boomerangs (quivered)
Armour
 b - a +0 scale mail
 c - a +0 buckler (worn)
 l - a +0 chain mail (worn)
 u - a +0 helmet (worn)
Jewellery
 d - a +4 ring of protection (right hand)
 t - a ring of resist corrosion (left hand)
 w - a ring of wizardry
 C - a ring of positive energy
 I - the ring of Fragile Peace {rC+ SInv}
   (You found it on level 8 of the Dungeon)

   [ring of see invisible]

   rC:        It protects you from cold.
   SInv:      It lets you see invisible.
Wands
 r - a wand of flame (15)
 H - a wand of polymorph (5)
 J - a wand of roots (7)
Scrolls
 j - 3 scrolls of teleportation
 n - a scroll of enchant weapon
 s - a scroll of blinking
 v - a scroll of brand weapon {unknown}
 y - 5 scrolls of identify
 z - a scroll of summoning {unknown}
 D - a scroll of vulnerability {unknown}
 E - 2 scrolls of fog {unknown}
 F - a scroll of magic mapping {unknown}
 G - a scroll of fear {unknown}
Potions
 f - a potion of attraction
 i - 2 potions of magic
 k - a potion of mutation
 m - 2 potions of cancellation
 o - 2 potions of flight
 q - 2 potions of brilliance
 A - a potion of degeneration {unknown}


   Skills:
 - Level 3.3 Fighting
 * Level 13.5 Maces & Flails
 - Level 3.8 Armour
 - Level 3.3 Shields


You had 6 spell levels left.
You knew the following spells:

 Your Spells              Type           Power      Damage    Failure   Level
a - Blink                 Tloc           0%         N/A       99%         2

Your spell library contained the following spells:

 Spells                   Type           Power      Damage    Failure   Level
 Summon Small Mammal      Summ           0%         N/A       98%         1
 Ensorcelled Hibernation  Hex/Ice        0%         N/A       99%         2
 Passwall                 Tmut/Erth      0%         N/A       99%         2
 Static Discharge         Conj/Air       0%         3-3/arc   99%         2
 Call Canine Familiar     Summ           0%         N/A       100%        3
 Gell's Gravitas          Tloc           0%         N/A       100%        3
 Ignite Poison            Fire/Tmut/Pois 0%         N/A       100%        3
 Lesser Beckoning         Tloc           0%         N/A       100%        3
 Mephitic Cloud           Conj/Pois/Air  0%         N/A       100%        3
 Ozocubu's Armour         Ice            0%         N/A       100%        3
 Portal Projectile        Hex/Tloc       0%         N/A       100%        3
 Summon Guardian Golem    Hex/Summ       0%         N/A       100%        3
 Swiftness                Air            0%         N/A       100%        3
 Teleport Other           Tloc           0%         N/A       100%        3
 Cause Fear               Hex            0%         N/A       100%        4
 Dispel Undead            Necr           0%         3d6       100%        4
 Leda's Liquefaction      Hex/Erth       0%         N/A       100%        4
 Sticky Flame             Conj/Fire      0%         2d3       100%        4
 Freezing Cloud           Conj/Ice/Air   0%         6-21      100%        5
 Manifold Assault         Tloc           0%         N/A       100%        5
 Dispersal                Tloc           0%         N/A       100%        6
 Dragon Form              Tmut           0%         N/A       100%        7
 Ozocubu's Refrigeration  Ice            0%         4d7       100%        7
 Storm Form               Tmut/Air       0%         N/A       100%        7
 Dragon's Call            Summ           0%         N/A       100%        9


Dungeon Overview and Level Annotations

Branches:
Dungeon (8/15)             Temple (1/1) D:4
   Lair: D:8-11

Altars:
Ashenzari
Cheibriados
Dithmenos
Elyvilon
Fedhas
Gozag
Hepliaklqana
Makhleb
Nemelex Xobeh
Okawaru
Ru
Sif Muna
Trog
Uskayaw
Vehumet
Xom
Yredelemnul
Zin
The Shining One

Shops:
D:5 [

Annotations:
D:5 3 runed translucent doors, THTSBRD's ghost, amateur DrTm; ZoeForever1's ghost, amateur GnTm


Innate Abilities, Weirdness & Mutations

You are immune to sickness and miasma.
Your stone body is resilient. (AC +6)
You are immune to poison.
You resist negative energy. (rN+)
You are resistant to electric shocks. (rElec)
You are resistant to unholy torment.
You are immune to petrification.


Message History

The centaur warrior hits you! The centaur warrior barely misses you.
You block the wight's attack.
You closely miss the wight.
The wight is severely damaged.
The centaur warrior hits you. The centaur warrior barely misses you.
You sock the wight!
You destroy the wight!
The centaur warrior hits you but does no damage.
You block the centaur warrior's attack. The centaur warrior hits you.
The centaur warrior kicks you but does no damage.
You feel better.
The centaur warrior hits you but does no damage.
You block the centaur warrior's attack.
You closely miss the centaur warrior.
The centaur warrior hits you but does no damage.
The centaur warrior barely misses you.
You barely miss the centaur warrior.
The centaur warrior hits you but does no damage.
The centaur warrior kicks you.
You closely miss the centaur warrior. The centaur warrior hits you.
The centaur warrior kicks you but does no damage.
You barely miss the centaur warrior.
The centaur warrior hits you but does no damage.
The centaur warrior kicks you.
* * * LOW HITPOINT WARNING * * *
You feel yourself speed up.
The centaur warrior hits you but does no damage.
The centaur warrior kicks you but does no damage.
The centaur warrior hits you but does no damage.
The centaur warrior kicks you but does no damage.
The centaur warrior hits you but does no damage.
The centaur warrior barely misses you.
Things that are here:
6 gold pieces; a +5 dire flail; a +0 robe The centaur warrior wields a +0 longbow.
The centaur warrior shoots an arrow.
The arrow hits you!
* * * LOW HITPOINT WARNING * * *
The centaur warrior shoots an arrow.
The arrow hits you!
You die...
Your body crumbles into a pile of gold.

##### #>..# #########
#$#.###########.......#
#......................
##c##..#######.........#
#........### #.........#
#.....##...###.......###
#......@.......######...
#.....####.###.# #...
#.....#<##...#.# #...
#######.####...#### #...
#######...........###...
#...(................... ######
#.......................
.....#####........#####.##.......
#.##.##.##........#####.##.......


You could see a centaur warrior.

Vanquished Creatures
  A wyvern (D:7)
  3 yaks (D:8)
  3 water moccasins
  A sky beast (D:5)
  2 orc warriors
  An ice beast (D:7)
  A centaur (D:6)
  3 bullfrogs
  A necrophage (D:7)
  2 scorpions
  10 wights
  5 killer bees (D:8)
  2 hounds (D:5)
  An orc priest (D:7)
  6 iguanas
  7 orc wizards
  4 gnolls
  11 adders
  4 white imps
  An ufetubus (D:4)
  3 worms
  A dart slug (D:1)
  34 orcs
  5 bats
  5 endoplasms
  5 giant cockroaches
  13 goblins
  5 hobgoblins
  7 jackals (D:1)
  10 quokkas
  4 ball pythons
  5 frilled lizards
  5 kobolds
  7 rats
178 creatures vanquished.

Notes
Turn   | Place    | Note
-------+----------+-------------------------------------------
     0 | D:1      | fishmans the Gargoyle Fighter began the quest for the Orb.
     0 | D:1      | Reached XP level 1. HP: 14/14 MP: 1/1
   194 | D:1      | Reached XP level 2. HP: 17/19 MP: 2/2
   254 | D:1      | Found a faded altar of an unknown god.
   382 | D:1      | Reached skill level 3 in Maces & Flails
   382 | D:1      | Reached XP level 3. HP: 20/23 MP: 3/3
  1208 | D:2      | Reached XP level 4. HP: 24/28 MP: 4/4
  1694 | D:2      | Reached skill level 4 in Maces & Flails
  2563 | D:3      | Reached XP level 5. HP: 27/32 MP: 5/5
  3071 | D:4      | Found a staircase to the Ecumenical Temple.
  3093 | Temple   | Entered the Ecumenical Temple
  3161 | Temple   | Became a worshipper of Gozag Ym Sagoz the Greedy
  3322 | D:4      | Reached skill level 5 in Maces & Flails
  4002 | D:3      | Reached XP level 6. HP: 23/37 MP: 6/6
  4215 | D:4      | Reached skill level 6 in Maces & Flails
  4591 | D:5      | Entered Level 5 of the Dungeon
  4669 | D:5      | Found a runed translucent gate.
  4669 | D:5      | Found a runed translucent gate.
  4669 | D:5      | Found a runed translucent gate.
  4674 | D:5      | Noticed ZoeForever1's ghost (amateur GnTm)
  4674 | D:5      | Noticed THTSBRD's ghost (amateur DrTm)
  5117 | D:5      | Reached skill level 7 in Maces & Flails
  5117 | D:5      | Reached XP level 7. HP: 31/41 MP: 7/7
  5685 | D:5      | Found Aqonlal's Armour Emporium.
  5711 | D:5      | Bought a +0 helmet for 58 gold pieces
  5768 | D:5      | Reached skill level 8 in Maces & Flails
  6128 | D:5      | Reached XP level 8. HP: 40/46 MP: 8/8
  6259 | D:6      | Learned a level 2 spell: Blink
  6329 | D:6      | Reached skill level 9 in Maces & Flails
  6659 | D:6      | Reached skill level 10 in Maces & Flails
  7105 | D:7      | Identified the +1 leather armour of Awe {rF- rCorr Str+8
                  | Dex-3}
  7206 | D:7      | Noticed a wyvern
  7216 | D:7      | Killed a wyvern
  7226 | D:7      | Reached skill level 11 in Maces & Flails
  7226 | D:7      | Reached XP level 9. HP: 27/51 MP: 9/9
  7369 | D:7      | Found an iron altar of Okawaru.
  7372 | D:7      | Found a glowing silver altar of Zin.
  8145 | D:8      | Reached skill level 12 in Maces & Flails
  8452 | D:8      | Identified the ring of Fragile Peace {rC+ SInv}
  8735 | D:8      | Reached skill level 13 in Maces & Flails
  9003 | D:8      | Found a shadowy altar of Dithmenos.
  9066 | D:8      | Noticed a centaur warrior
  9275 | D:7      | Shot with an arrow by a centaur warrior

Illustrated notes

Levels and vault maps discovered:
D:1:      dpeg_arrival_leaves_temple_mockup, layout_rooms,
          basic_ecumenical_altar
D:2:      layout_loops_ring, hangedman_decor_slide_cut,
          chequers_serial_rivers_small_3
D:3:      layout_loops_ring, minmay_misc_feat_pillars
D:4:      layout_basic, minmay_temple_entry_offerings, palyth_stone_intersect,
          st_stairs_4
D:5:      layout_basic, serial_shops, shop, gammafunk_ghost_cemetery
D:6:      layout_rooms
D:7:      layout_basic, nicolae_overflow_squiral
D:8:      layout_basic, kennysheep_mini_moat, kennysheep_mini,
          minmay_manual_monstrance
Temple:   nicolae_temple_bog_church

Skill      XL: |  1  2  3  4  5  6  7  8  9 |
---------------+----------------------------+-----
Maces & Flails | 3 4 5 7 8 11 13 | 13.5
Fighting       | |  3.3
Armour         | |  3.8
Shields        | |  3.3

Action                   |  1- 3 |  4- 6 |  7- 9 || total
-------------------------+-------+-------+-------++-------
Melee: Flail             |   124 |   305 |   284 ||   713
Throw: Boomerang         |       |     2 |       ||     2
Invok: Potion Petition   |       |       |     2 ||     2
  Use: Scroll            |     3 |     7 |     4 ||    14
       Potion            |       |     2 |     6 ||     8
Armor: Scale mail        |    73 |    43 |       ||   116
       Chain mail        |       |    93 |   172 ||   265
Dodge: Dodged            |    60 |   100 |    91 ||   251
Block: Buckler           |    16 |    60 |    39 ||   115
